 Dungeon Crawl Stone Soup version 0.26-a0-670-g578ab304f5 (webtiles) character file.

Game seed: 10744796882125046643

1585 Kinoniko the Carver (level 8, -4/55 HPs)
             Began as a Vampire Gladiator on Oct 19, 2020.
             Was a Follower of Dithmenos.
             Slain by a gnoll sergeant
             ... wielding a +1 trident of freezing
              (6 damage)
             ... on level 5 of the Dungeon.
             The game lasted 00:10:14 (4306 turns).

Kinoniko the Carver (Vampire Gladiator)             Turns: 4306, Time: 00:10:14

Health: -4/55      AC: 10    Str: 15    XL:     8   Next: 61%
Magic:  10/10      EV: 12    Int: 11    God:    Dithmenos [*.....]
Gold:   288        SH:  0    Dex: 15    Spells: 9/10 levels left

rFire    . . .     SeeInvis +   q - +0 scimitar (freeze)
rCold    . . .     Faith    .   (no shield)
rNeg     . . .     Spirit   .   i - +0 ring mail
rPois    .         Reflect  .   c - +2 helmet
rElec    .         Harm     .   (no cloak)
rCorr    .         Rampage  .   (no gloves)
MR       .....                  f - +1 pair of boots
Stlth    +++.......             (no amulet)
HPRegen  0.38/turn              (no ring)
MPRegen  0.12/turn              (no ring)

@: mighty, stab, regenerating quickly, wreathed by umbra
A: fangs 3, see invisible, unbreathing
a: Exsanguinate, Renounce Religion


You were on level 5 of the Dungeon.
You worshipped Dithmenos.
Dithmenos was aware of your devotion.
You visited 1 branch of the dungeon, and saw 7 of its levels.

You collected 288 gold pieces.

Inventory:

Hand Weapons
 a - a +0 long sword
 q - a +0 scimitar of freezing (weapon)
Missiles
 d - 3 throwing nets (quivered)
Armour
 c - a +2 helmet (worn)
 f - a +1 pair of boots (worn)
 i - a +0 ring mail (worn)
Jewellery
 n - a cursed ring of attention
 s - an uncursed ring of wizardry
Wands
 h - a wand of enslavement (8)
Scrolls
 b - a scroll of remove curse
 k - 2 scrolls of teleportation
 l - a scroll of magic mapping
 m - a scroll of fear {unknown}
Potions
 e - a potion of might
 g - a potion of flight {unknown}
 j - 2 potions of cancellation {unknown}
 o - a potion of magic
 r - a potion of stabbing
 t - a potion of brilliance


   Skills:
 - Level 1.7 Fighting
 * Level 9.5 Long Blades
 - Level 1.5 Throwing
 - Level 3.4 Dodging
 + Level 7.3 Stealth
 - Level 1.9 Spellcasting
 - Level 2.4 Necromancy


You had 9 spell levels left.
You knew the following spells:

 Your Spells              Type           Power        Failure   Level
a - Animate Skeleton      Necr           #.....       22%         1

Your spell library contained the following spells:

 Spells                   Type           Power        Failure   Level
 Pain                     Necr           #...         22%         1
 Corona                   Hex            #......      52%         1
 Vampiric Draining        Necr           #.........   54%         3
 Ensorcelled Hibernation  Hex/Ice        #.....       65%         2
 Confusing Touch          Hex            #.......     87%         3
 Dazzling Flash           Conj/Hex       #.....       87%         3
 Tukima's Dance           Hex            #.......     87%         3
 Animate Dead             Necr           #.........   91%         4
 Agony                    Necr           #.......     99%         5


Dungeon Overview and Level Annotations

Branches:
Dungeon (7/15)
 Temple: D:4-7

Altars:
Cheibriados
Dithmenos
Gozag
Kikubaaqudgha
Ru
Sif Muna
Uskayaw
Vehumet


Innate Abilities, Weirdness & Mutations

Your natural rate of healing is unusually fast.
You have razor-sharp teeth.
You have supernaturally acute eyesight. (SInv)
You can survive without breathing.


Message History

You are too injured to fight recklessly!
You are too injured to fight recklessly!
You slash the centaur! You freeze the centaur.
The centaur is almost dead.
The centaur barely misses you.
The gnoll hits you from afar with a +0 halberd.
* * * LOW HITPOINT WARNING * * *
The gnoll sergeant hits you from afar with a +1 trident of freezing!
* * * LOW HITPOINT WARNING * * *
The gnoll sergeant freezes you.
* * * LOW HITPOINT WARNING * * *
The centaur hits you.
* * * LOW HITPOINT WARNING * * *
You hit the centaur. You freeze the centaur.
You kill the centaur!
Dithmenos accepts your kill. The gnoll barely misses you.
Unknown command.
The gnoll sergeant hits you with a +1 trident of freezing.
You die...

##.....## #..####.##
##..# ##.## .. #..##
##.## #.# ##..# ##.#
#..# ##..## ##)#
##..###...# ##(##
#.....#...# ##)##
#........## ##@##
.........# ###gg#
.........####.).##
.............(†##
..............##
#.............## ###
##.............###.#
##.......###......#
#......## ###....##


You could see a gnoll sergeant and a gnoll.

Vanquished Creatures
  Sigmund (D:5)
  An ice beast (D:7)
  3 centaurs
  2 black bears
  4 ogres
  A big kobold (D:7)
  2 hounds
  An orc priest (D:7)
  A bullfrog skeleton (D:4)
  A centaur skeleton (D:7)
  Jessica (D:2)
  An orc wizard (D:7)
  Natasha (thrice) (D:2)
  A worker ant (D:4)
  Terence (D:2)
  A hound skeleton (D:4)
  2 gnolls (D:5)
  7 adders
  A white imp (D:7)
  An ufetubus (D:3)
  An ooze (D:1)
  5 worms
  3 dart slugs
  3 leopard geckos
  6 orcs
  12 bats
  3 giant cockroaches
  2 hobgoblins (D:1)
  2 jackals (D:2)
  10 kobolds
  4 quokkas
  2 ball pythons
  6 frilled lizards
  9 goblins
  10 rats
114 creatures vanquished.

Notes
Turn   | Place    | Note
-------+----------+-------------------------------------------
     0 | D:1      | Kinoniko the Vampire Gladiator began the quest for the Orb.
     0 | D:1      | Reached XP level 1. HP: 16/16 MP: 1/1
   160 | D:1      | Reached XP level 2. HP: 17/22 MP: 2/2
   610 | D:2      | Noticed Jessica
   616 | D:2      | Killed Jessica
   616 | D:2      | Reached skill level 4 in Long Blades
   616 | D:2      | Reached XP level 3. HP: 21/27 MP: 3/3
   723 | D:2      | Reached XP level 4. HP: 33/33 MP: 4/4
   780 | D:2      | Noticed Terence
   791 | D:2      | Killed Terence
   791 | D:2      | Reached skill level 5 in Long Blades
  1126 | D:2      | Noticed Natasha
  1129 | D:2      | Killed Natasha
  1129 | D:2      | Reached XP level 5. HP: 28/38 MP: 5/5
  1218 | D:2      | Reached skill level 6 in Long Blades
  1387 | D:2      | Noticed Natasha
  1396 | D:2      | Killed Natasha
  1505 | D:2      | Noticed Natasha
  1514 | D:2      | Killed Natasha
  1733 | D:3      | Learned a level 1 spell: Animate Skeleton
  1904 | D:3      | Found an opulent altar of Gozag.
  1913 | D:3      | Found a shimmering blue altar of Sif Muna.
  1917 | D:3      | Found a shadowy altar of Dithmenos.
  1918 | D:3      | Found a snail-covered altar of Cheibriados.
  2012 | D:3      | Became a worshipper of Dithmenos the Shadowed
  2281 | D:3      | Reached XP level 6. HP: 43/44 MP: 6/6
  2409 | D:3      | Found a hide-covered altar of Uskayaw.
  2409 | D:3      | Found a radiant altar of Vehumet.
  2414 | D:3      | Found a faded altar of an unknown god.
  2416 | D:3      | Found a faded altar of an unknown god.
  2418 | D:3      | Found a sacrificial altar of Ru.
  2693 | D:4      | Reached skill level 1 in Stealth
  2884 | D:4      | Reached skill level 1 in Spellcasting
  2884 | D:4      | Reached skill level 1 in Necromancy
  2891 | D:4      | Reached skill level 7 in Long Blades
  2981 | D:4      | Reached XP level 7. HP: 36/49 MP: 7/9
  3720 | D:5      | Entered Level 5 of the Dungeon
  3743 | D:5      | Found an ancient bone altar of Kikubaaqudgha.
  3743 | D:5      | You fall into a shaft and drop 2 floors!
  3760 | D:7      | Reached * piety under Dithmenos
  3760 | D:7      | Reached skill level 8 in Long Blades
  3772 | D:7      | Reached skill level 5 in Stealth
  3887 | D:7      | Reached XP level 8. HP: 55/55 MP: 10/10
  4147 | D:7      | Reached skill level 9 in Long Blades
  4271 | D:5      | Noticed Sigmund
  4279 | D:5      | Killed Sigmund
  4304 | D:5      | HP: 1/55 [centaur (6)]
  4306 | D:5      | Slain by a gnoll sergeant

Illustrated notes

Levels and vault maps discovered:
D:1:      minmay_arrival_plants_in_alcoves, layout_basic, st_stairs_6,
          chequers_serial_rivers_room_b, minmay_misc_feat_iff
D:2:      layout_loops_ring, minmay_small_reverse_x, uniq_jessica, uniq_natasha,
          uniq_terence
D:3:      layout_loops_corners, minitemple, chequers_temple_overflow_minitemple,
          kennysheep_generic_room_15
D:4:      layout_basic
D:5:      layout_layer_cave, kiku_gazebo_pond_becter, lemuel_round_altar,
          uniq_sigmund
D:6:      layout_loops_cross, nicolae_overflow_crystal_walls,
          minmay_temple_entry_grid, makhleb_blood_cavern_becter
D:7:      layout_loops_ring, ebering_ghost_gozag

Skill      XL: |  1  2  3  4  5  6  7  8 |
---------------+-------------------------+-----
Long Blades    | 4 5 6 7 8 9 |  9.5
Stealth        | 2 5 7 |  7.3
Spellcasting   | 1 |  1.9
Necromancy     | 1 2 |  2.4
Fighting       | |  1.7
Throwing       | |  1.5
Dodging        | |  3.4

Action                   |  1- 3 |  4- 6 |  7- 9 || total
-------------------------+-------+-------+-------++-------
Melee: Long sword        |    62 |   184 |       ||   246
       Bite              |     5 |    30 |    23 ||    58
       Scimitar          |       |    27 |   116 ||   143
 Cast: Animate Skeleton  |       |     1 |       ||     1
  Use: Scroll            |       |     8 |     7 ||    15
       Potion            |       |     4 |     5 ||     9
 Stab: Sleeping          |     1 |       |     1 ||     2
Armor: Leather armour    |    26 |     3 |       ||    29
       Ring mail         |       |    81 |    45 ||   126
Dodge: Dodged            |    56 |   152 |    81 ||   289
       Rpst.: Long sword |    14 |    38 |       ||    52
       Scimitar          |       |     1 |    23 ||    24

Table legend: (Time is in decaauts)
 A = Elapsed time spent in this place.
 B = Non-inter-level travel time spent in this place.
 C = Inter-level travel time spent in this place.
 D = Time resting spent in this place.
 E = Time spent auto-exploring this place.
 F = Levels seen in this place.
 G = Mean time per level.
                   A        B        C        D        E       F      G
               +--------+--------+--------+--------+--------+-----+--------+
         Total |   4333 |   4218 |    115 |    736 |   2601 |   7 |  619.0 |
       Dungeon |   4333 |   4218 |    115 |    736 |   2601 |   7 |  619.0 |
               +--------+--------+--------+--------+--------+-----+--------+

Top non-repeatable levels by time:
     D:3: 1218 daAuts
     D:4: 958 daAuts
     D:2: 955 daAuts
     D:1: 617 daAuts
     D:7: 434 daAuts
     D:5: 146 daAuts
     D:6: 3 daAuts
